Map: 글리터링 애쉬즈 - 래더

Players

llllllllllll

  • Race: Protoss Protoss
  • League: Grandmaster

DPGRogue (Rogue) - Winner!

  • Race: Zerg Zerg

VOD

Have the link to the VOD?

Description

Time

  • Played on: Oct. 21, 2021, 8:44 a.m.
  • Length: 8:33
Show
View Real Time Build Order
Export as new Build Order

llllllllllll Protoss 

Build Orders: 1 Gate Expand, Oracle Opening 

Get SALT Encoding   

  12  0:00  Probe  
  13  0:12  Probe  
  14  0:17  Pylon  
  14  0:24  Probe (Chrono Boost)  
  15  0:36  Probe (Chrono Boost)  
  15  0:40  Gateway  
  16  0:44  Probe (Chrono Boost)  
  16  0:48  Assimilator  
  17  0:51  Probe  
  18  1:03  Probe  
  19  1:16  Probe  
  20  1:24  Nexus  
  20  1:36  Cybernetics Core  
  20  1:37  Probe  
  21  1:45  Assimilator  
  21  1:49  Probe  
  22  1:56  Pylon  
  22  2:02  Probe  
  23  2:12  Adept (Chrono Boost)  
  23  2:14  Probe  
  26  2:18  Stargate  
  26  2:25  Warp Gate  
  26  2:27  Probe (Chrono Boost)  
  27  2:34  Adept (Chrono Boost)  
  29  2:37  Probe (Chrono Boost)  
  31  2:45  Probe (Chrono Boost)  
  31  2:46  Probe (Chrono Boost)  
  33  2:51  Probe x2 (Chrono Boost)  
  33  2:57  Adept (Chrono Boost)  
  34  3:02  Oracle (Chrono Boost)  
  39  3:06  Probe  
  39  3:07  Probe  
  41  3:13  Pylon  
  41  3:18  Probe  
  41  3:19  Probe  
  43  3:27  Gateway  
  43  3:32  Probe x2  
  45  3:36  Oracle (Chrono Boost)  
  45  3:40  Assimilator  
  48  3:44  Assimilator  
  48  3:45  Probe x2  
  50  3:58  Probe  
  52  4:07  Oracle (Chrono Boost)  
  52  4:09  Pylon  
  54  4:10  Nexus  
  54  4:21  Twilight Council  
  54  4:23  Forge  
  54  4:27  Probe x2  
  54  4:30  Adept  
  54  4:31  Adept  
  60  4:39  Probe x2  
  59  4:51  Probe  
  59  4:52  Probe  
  61  5:04  Probe, Protoss Ground Weapons Level 1  
  61  5:05  Blink  
  62  5:09  Pylon  
  62  5:16  Pylon  
  62  5:21  Robotics Facility  
  62  5:22  Sentry x2, Probe (Chrono Boost)  
  62  5:24  Probe x2 (Chrono Boost)  
  69  5:34  Probe (Chrono Boost)  
  72  5:36  Probe x2 (Chrono Boost)  
  72  5:41  Probe (Chrono Boost)  
  71  5:42  Probe x2 (Chrono Boost)  
  71  5:45  Gateway  
  71  5:48  Sentry x2, Probe, Gateway  
  78  5:52  Probe  
  78  5:54  Probe  
  80  6:00  Probe  
  74  6:08  Probe x2  
  68  6:12  Probe  
  66  6:18  Sentry x2  
  66  6:20  Probe x2  
  66  6:24  Probe  
  71  6:32  Probe x2  
  71  6:35  Gateway  
  71  6:36  Observer (Chrono Boost), Probe  
  71  6:38  Gateway  
  67  6:44  Probe, Stalker  
  67  6:45  Probe, Stalker x2  
  67  6:46  Stalker  
  77  6:48  Probe  
  77  6:54  Warp Prism (Chrono Boost)  
  78  6:56  Probe  
  78  7:00  Probe x2  
  86  7:17  Stalker x3  
  86  7:18  Photon Cannon  
  86  7:20  Pylon  
  89  7:23  Photon Cannon  
  89  7:24  Photon Cannon  
  89  7:27  Pylon  
  87  7:47  Stalker x6  
  99  7:55  Probe  
  99  7:56  Probe x2  
  99  7:58  Pylon x2  
  95  8:10  Stalker  
  95  8:11  Stalker x3  
  95  8:12  Zealot x2  
Show
View Real Time Build Order
Export as new Build Order

DPGRogue Zerg - Winner!

Build Orders: Hatch First 

Get SALT Encoding   

  12  0:00  Drone  
  13  0:12  Overlord  
  13  0:17  Drone  
  14  0:31  Drone x2  
  16  0:47  Hatchery  
  15  0:50  Drone  
  15  0:53  Drone  
  15  0:57  Drone  
  18  1:08  Extractor  
  17  1:13  Spawning Pool  
  17  1:16  Drone  
  17  1:20  Drone  
  18  1:28  Drone  
  19  1:39  Drone  
  20  1:48  Overlord  
  20  1:59  Queen x2  
  20  2:00  Zergling x4  
  26  2:11  Drone x2  
  26  2:14  Metabolic Boost  
  28  2:21  Drone x2  
  30  2:32  Drone x2  
  32  2:42  Hatchery  
  31  2:48  Queen  
  33  2:52  Overlord  
  33  2:55  Drone  
  33  2:57  Drone  
  35  3:00  Drone  
  35  3:13  Drone x5  
  35  3:14  Drone  
  35  3:19  Queen  
  41  3:23  Overlord  
  43  3:30  Spore Crawler  
  43  3:33  Zergling x2  
  43  3:38  Spore Crawler  
  42  3:42  Zergling x4  
  42  3:43  Zergling x2  
  42  3:47  Drone  
  46  3:52  Drone  
  46  3:53  Queen  
  46  3:54  Overlord  
  49  3:55  Drone  
  49  3:56  Drone x3  
  49  3:57  Drone  
  49  3:58  Drone  
  49  4:01  Drone  
  55  4:05  Drone  
  55  4:08  Drone  
  57  4:10  Overlord  
  57  4:13  Queen  
  59  4:21  Drone x2  
  59  4:22  Spore Crawler, Zergling x2  
  61  4:26  Lair  
  61  4:29  Drone x2  
  61  4:30  Drone  
  64  4:33  Zergling x6  
  66  4:40  Drone x4, Extractor  
  66  4:42  Drone  
  66  4:44  Drone  
  71  4:52  Roach Warren, Extractor x2  
  67  4:58  Drone x3  
  68  5:03  Zergling x12  
  73  5:10  Drone  
  73  5:12  Overlord x2  
  74  5:14  Overlord  
  74  5:19  Evolution Chamber  
  73  5:22  Overlord  
  73  5:29  Drone  
  73  5:33  Glial Reconstitution  
  73  5:36  Overseer  
  73  5:37  Drone x8, Extractor  
  77  5:45  Zerg Missile Weapons Level 1  
  77  5:47  Spire  
  77  5:49  Drone  
  80  5:50  Drone x4  
  80  5:57  Zergling x12  
  85  6:05  Zergling x2  
  85  6:07  Zergling x8  
  82  6:11  Zergling x4  
  82  6:12  Zergling x4  
  84  6:22  Extractor  
  79  6:25  Zergling x2  
  79  6:26  Zergling x10  
  79  6:30  Drone x2  
  83  6:33  Drone x2  
  83  6:36  Extractor  
  84  6:40  Extractor  
  84  6:43  Extractor  
  82  6:49  Drone x7  
  82  6:52  Hatchery  
  83  7:02  Mutalisk x6  
  96  7:08  Roach  
  96  7:09  Overlord x3  
  96  7:11  Overlord  
  96  7:14  Overlord  
  96  7:20  Overlord  
  96  7:23  Overlord x2  
  96  7:33  Roach x7  
  96  7:34  Roach  
  113  7:37  Roach  
  113  7:38  Roach  
  113  7:43  Roach x2  
  118  7:44  Ravager  
  118  7:47  Roach x2  
  118  7:51  Roach  
  125  7:53  Roach x2  
  125  7:54  Ravager  
  125  7:57  Roach x2  
  132  8:01  Roach  
  132  8:02  Roach  
  130  8:07  Roach  
  130  8:08  Roach x3  
  130  8:11  Zergling x8  
Tags
 
Add a new tag
Caveats
  • Supply blocks, unpowered buildings, or Contaminate may cause inaccurate times.
  • Supply counts are checked every 10 seconds.